 Dungeon Crawl Stone Soup version 0.25-a0-277-g7046ed1b37 (webtiles) character file.

Game seed: 4643194044365159407, levelgen mode: deterministic

2216 floatRand the Disciple of Destruction (level 9, -2/61 HPs)
             Began as a Demonspawn Gladiator on Dec 9, 2019.
             Was a Follower of Makhleb.
             Slain by Harold
             ... wielding a +0 scimitar of holy wrath
              (18 damage)
             ... on level 7 of the Dungeon.
             The game lasted 00:09:48 (7657 turns).

floatRand the Disciple of Destruction (DsGl)        Turns: 7657, Time: 00:09:49

Health: -2/61      AC:  6    Str: 16    XL:     9   Next: 13%
Magic:  0/15       EV: 18    Int:  9    God:    Makhleb [*.....]
Gold:   318        SH:  0    Dex: 17    Spells: 8/8 levels left

rFire    . . .     SeeInvis .   y - +3 trident (venom)
rCold    + . .     Gourm    .   (no shield)
rNeg     . . .     Faith    .   e - +0 leather armour {rC+}
rPois    +         Spirit   +   c - +1 helmet
rElec    .         Reflect  .   (no cloak)
rCorr    .         Harm     .   (no gloves)
MR       .....                  E - +0 pair of boots
Stlth    +++.......             (no amulet)
HPRegen  0.20/turn              l - ring of poison resistance
MPRegen  0.28/turn              q - +3 ring of evasion

@: marked
A: talons 1, magic shield, magic regeneration, magic link
a: Renounce Religion


You were on level 7 of the Dungeon.
You worshipped Makhleb.
Makhleb was aware of your devotion.
You were not hungry.

You visited 2 branches of the dungeon, and saw 8 of its levels.

You collected 318 gold pieces.

Inventory:

Hand Weapons
 a - a +0 war axe of chaos
 i - a +2 whip of venom
 y - a +3 trident of venom (weapon)
Missiles
 d - 4 throwing nets (quivered)
 r - 7 javelins
Armour
 b - a +0 leather armour
 c - a +1 helmet (worn)
 e - a +0 leather armour of cold resistance (worn)
 k - a +2 robe of magic resistance
 E - a +0 pair of boots (worn)
Jewellery
 h - an uncursed ring of resist corrosion {unknown}
 l - a ring of poison resistance (left hand)
 q - a +3 ring of evasion (right hand)
 x - a +2 ring of dexterity {unknown}
Scrolls
 g - a scroll of amnesia
 n - 5 scrolls of remove curse
 s - 5 scrolls of identify
 w - a scroll of fear
Potions
 j - 2 potions of cancellation {unknown}
 m - 2 potions of haste {unknown}
 o - a potion of heal wounds
 p - a potion of lignification {unknown}
 u - a potion of might {unknown}
 v - a potion of curing {unknown}
 z - a potion of degeneration {unknown}
 A - a potion of berserk rage {unknown}
Comestibles
 f - 9 rations
 t - 9 chunks of flesh


   Skills:
 - Level 2.0 Fighting
 + Level 6.6 Axes
 - Level 1.7 Throwing
 + Level 5.7 Dodging
 + Level 5.2 Stealth
 * Level 8.5 Invocations


You had 8 spell levels left.
You didn't know any spells.
Your spell library contained the following spells:

 Spells                   Type           Power        Failure   Level  Hunger
 Shock                    Conj/Air       #...         45%         1    ##.....
 Swiftness                Chrm/Air       #.......     58%         2    ###....
 Static Discharge         Conj/Air       #.......     83%         3    ####...
 Airstrike                Air            #.........   99%         4    #####..
 Lightning Bolt           Conj/Air       #.........   100%        5    ######.


Dungeon Overview and Level Annotations

Branches:
Dungeon (7/15)             Temple (1/1) D:5

Altars:
Cheibriados
Elyvilon
Gozag
Hepliaklqana
Kikubaaqudgha
Makhleb
Nemelex Xobeh
Qazlal
Ru
Sif Muna
Wu Jian
Xom
Yredelemnul

Shops:
D:6 [

Annotations:
D:3 1 runed translucent door, Crazy Yiuf
D:7 Harold


Innate Abilities, Weirdness & Mutations

You have sharp toenails.
When hurt, damage is shared between your health and your magic reserves.
You regenerate magic rapidly.
When low on magic, you restore magic in place of health.


Message History

You puncture Harold!
Harold is moderately wounded.
Harold hits you with a +0 scimitar of holy wrath.
You convulse.
You hit Harold.
Harold is moderately wounded.
Harold hits you with a +0 scimitar of holy wrath!
* * * LOW HITPOINT WARNING * * *
You convulse.
* * * LOW HITPOINT WARNING * * *
You feel much better.
Harold hits you with a +0 scimitar of holy wrath!
You convulse.
* * * LOW HITPOINT WARNING * * *
Unknown command.
Okay, then.
You puncture Harold!
Harold looks as sick as possible!
Harold is moderately wounded.
Harold hits you with a +0 scimitar of holy wrath!!
You die...

.........#.(.. #
##########.#### #.#
##+## ##...## ####
##.....## ...#
##.......## ##
...###.........####...##
.....+....(....'@@..<...
...###.........####...##
.#.# ##.......## ## ##.#
##.....## ...# ##...##
#### ##'## #########.#
#.......#.#
##.#####.#.##


You could see Harold.

Vanquished Creatures
  Sigmund (D:4)
  Menkaure (D:5)
  Duvessa (D:4)
  A sky beast (D:5)
  2 phantoms
  3 ogres
  An ice beast (D:7)
  A centaur (D:7)
  A bullfrog (D:6)
  Dowan (D:4)
  2 scorpions
  2 howler monkeys (D:7)
  2 crimson imps
  2 jellies (D:6)
  2 hounds
  A centaur skeleton (D:3)
  A gnoll shaman (D:6)
  4 orc wizards
  A bullfrog skeleton (D:5)
  An orc priest (D:5)
  3 iguanas
  Natasha (thrice) (D:4)
  A worker ant (D:5)
  8 gnolls
  2 adders (D:2)
  A howler monkey skeleton (D:6)
  An ooze (D:3)
  3 adder zombies
  5 worms
  2 dart slugs
  5 leopard geckos
  23 orcs
  11 bats
  3 giant cockroaches
  11 goblins
  6 hobgoblins
  3 quokkas
  A ball python (D:5)
  A ball python skeleton (D:5)
  A ball python zombie (D:5)
  5 frilled lizards
  9 kobolds
  2 leopard gecko zombies
  9 rats
150 creatures vanquished.

Notes
Turn   | Place    | Note
-------+----------+-------------------------------------------
     0 | D:1      | floatRand the Demonspawn Gladiator began the quest for the
                  | Orb.
     0 | D:1      | Reached XP level 1. HP: 16/16 MP: 1/1
   235 | D:1      | Gained mutation: When hurt, damage is shared between your
                  | health and your magic reserves. [demonic ancestry]
   235 | D:1      | Reached XP level 2. HP: 22/22 MP: 2/2
   782 | D:1      | Gained mutation: You regenerate magic rapidly. [demonic
                  | ancestry]
   782 | D:1      | Reached XP level 3. HP: 18/27 MP: 3/3
  1488 | D:2      | Reached XP level 4. HP: 33/33 MP: 4/4
  1691 | D:3      | Found a runed translucent door.
  1692 | D:3      | Noticed Crazy Yiuf
  1764 | D:3      | Reached skill level 1 in Stealth
  2099 | D:3      | Reached XP level 5. HP: 16/38 MP: 5/5
  2514 | D:3      | You fall into a shaft and drop 2 floors!
  2514 | D:5      | Entered Level 5 of the Dungeon
  2520 | D:5      | Noticed Prince Ribbit
  2570 | D:5      | Noticed an ogre
  2582 | D:5      | Killed an ogre
  2582 | D:5      | Reached skill level 5 in Axes
  2582 | D:5      | Reached XP level 6. HP: 24/44 MP: 4/6
  2747 | D:5      | Found a staircase to the Ecumenical Temple.
  2780 | Temple   | Entered the Ecumenical Temple
  2809 | Temple   | Became a worshipper of Makhleb the Destroyer
  2861 | D:4      | Noticed Natasha
  2872 | D:4      | Killed Natasha
  3065 | D:4      | Reached skill level 1 in Invocations
  3157 | D:4      | Noticed Sigmund
  3170 | D:4      | Killed Sigmund
  3170 | D:4      | Reached skill level 2 in Invocations
  3332 | D:4      | Noticed Duvessa
  3811 | D:4      | Noticed Dowan
  3832 | D:4      | Killed Duvessa
  3832 | D:4      | Reached skill level 3 in Invocations
  3832 | D:4      | Gained mutation: When low on magic, you restore magic in
                  | place of health. [demonic ancestry]
  3832 | D:4      | Reached XP level 7. HP: 40/50 MP: 9/9
  3849 | D:4      | Killed Dowan
  3849 | D:4      | Reached skill level 4 in Invocations
  3900 | D:4      | Noticed Natasha
  4049 | D:4      | Killed Natasha
  4062 | D:4      | Noticed Natasha
  4070 | D:4      | HP: 2/50 [iron imp[Natasha] (5)]
  4071 | D:4      | Killed Natasha
  4435 | D:4      | Found a snail-covered altar of Cheibriados.
  4753 | D:5      | Noticed Menkaure
  4767 | D:5      | Killed Menkaure
  4767 | D:5      | Reached skill level 5 in Invocations
  5124 | D:5      | Gained mutation: You have sharp toenails. [demonic
                  | ancestry]
  5124 | D:5      | Reached XP level 8. HP: 43/56 MP: 10/12
  5799 | D:5      | Reached skill level 6 in Invocations
  5996 | D:6      | Reached skill level 5 in Dodging
  6246 | D:6      | Reached * piety under Makhleb
  6344 | D:6      | Reached skill level 7 in Invocations
  6382 | D:6      | Found a stormy altar of Qazlal.
  6624 | D:6      | Found Caonolo's Antique Armour Emporium.
  6660 | D:6      | Identified the cursed +1 robe of Immorality {rPois Int+4}
  6719 | D:6      | Reached skill level 5 in Stealth
  7352 | D:7      | Reached skill level 8 in Invocations
  7473 | D:7      | Reached XP level 9. HP: 61/61 MP: 15/15
  7649 | D:7      | Noticed Harold
  7657 | D:7      | Slain by Harold

Levels and vault maps discovered:
D:1:      lemuel_arrival_lava_pool, layout_loops_cross, roderic_serpentine_path,
          hex_tiny
D:2:      layout_rooms
D:3:      layout_loops_ring, uniq_crazy_yiuf_cottage
D:4:      layout_basic, cheibriados_altar_1, first_ration, minmay_fountain_box,
          kennysheep_minor_cross, uniq_natasha, uniq_sigmund, uniq_duvessa
D:5:      layout_basic, temple_pool_b, uniq_prince_ribbit1, uniq_menkaure
D:6:      layout_basic, serial_shops, nicolae_shop_trees,
          nicolae_qazlal_general_emergency
D:7:      layout_loops_corners, uniq_harold
Temple:   regret_index_temple_sigil_plot

Skill      XL: |  1  2  3  4  5  6  7  8 |
---------------+-------------------------+-----
Axes           | 3 4 5 6 |  6.6
Dodging        | 3 4 5 |  5.7
Stealth        | 1 2 3 5 |  5.2
Invocations    | 3 5 8 |  8.5
Fighting       | |  2.0
Throwing       | |  1.7

Action                   |  1- 3 |  4- 6 |  7- 9 || total
-------------------------+-------+-------+-------++-------
Melee: War axe           |    91 |       |       ||    91
       Whip              |       |   115 |   169 ||   284
       Trident           |       |       |   156 ||   156
       Kick              |       |       |    37 ||    37
Throw: Throwing net      |       |       |     1 ||     1
  Use: Scroll            |       |     3 |     8 ||    11
       Potion            |       |       |     2 ||     2
 Stab: Sleeping          |     2 |     5 |     7 ||    14
       Distracted        |       |       |     1 ||     1
       Held in net/web   |       |       |     1 ||     1
  Eat: Chunk             |     2 |     6 |    10 ||    18
       Ration            |       |       |     1 ||     1
Armor: Leather armour    |    34 |    14 |    25 ||    73
Dodge: Dodged            |    75 |    82 |   243 ||   400

Table legend:
 A = Non-vault XP
 B = Vault XP
 C = Vault XP percentage of total XP
 D = Non-vault monster count
 E = Vault monster count
 F = Vault count percentage of total count
                 A         B        C        D         E       F
            +---------+---------+-------+---------+---------+-------
      Total |    2502 |     664 |  21.0 |     145 |       5 |   3.3
            +---------+---------+-------+---------+---------+-------
        D:1 |      43 |       0 |   0.0 |      27 |       0 |   0.0
        D:2 |      54 |       0 |   0.0 |      16 |       0 |   0.0
        D:3 |     167 |       0 |   0.0 |      26 |       0 |   0.0
        D:4 |     302 |     481 |  61.4 |      13 |       4 |  23.5
        D:5 |     570 |     183 |  24.3 |      26 |       1 |   3.7
        D:6 |     855 |       0 |   0.0 |      31 |       0 |   0.0
        D:7 |     511 |       0 |   0.0 |       6 |       0 |   0.0
            +---------+---------+-------+---------+---------+-------
